 Dungeon Crawl Stone Soup version 0.18-a0-596-g6468885 (webtiles) character file.

25 4thArraOfDagon the Magician (level 3, 0/16 HPs)
             Began as a Vine Stalker Wizard on Dec 3, 2015.
             Was an Initiate of Cheibriados.
             Slain by an adder (1 damage)
             ... on level 3 of the Dungeon.
             The game lasted 00:02:27 (444 turns).

4thArraOfDagon the Magician (Vine Stalker Wizard)    Turns: 444, Time: 00:02:27

Health: 0/16       AC:  2    Str: 10    XL:     3   Next: 6%
Magic:  0/8        EV: 12    Int: 19    God:    Cheibriados [......]
Gold:   27         SH:  0    Dex: 14    Spells: 1 memorised, 7 levels left

rFire  + . .     SeeInvis .       - Unarmed
rCold  + . .     Clarity  .     a - +0 robe
rNeg   . . .     SustAt   .     (no shield)
rPois  +         Gourm    .     b - +0 hat
rElec  +         Spirit   +     (no cloak)
rCorr  +         Dismiss  .     (no gloves)
rMut   .         Stasis   .     (no boots)
MR     .....                    (no amulet)
Stlth  ++........               (no ring)
                                (no ring)

@: lethally poisoned (0 -> -1), resistant, very slow, not resistant to hostile
enchantments, unstealthy
A: fangs 2, regeneration 1, magic shield, antimagic bite, no device heal 3, rot
immunity
a: Bend Time, Renounce Religion


You were on level 3 of the Dungeon.
You worshipped Cheibriados.
Cheibriados was noncommittal.
You were not hungry.

You visited 1 branch of the dungeon, and saw 4 of its levels.

You collected 27 gold pieces.

Inventory:

Armour
 a - a +0 robe (worn)
 b - a +0 hat (worn)
Scrolls
 f - 2 scrolls of remove curse
Potions
 e - a potion of flight {unknown}
 i - a potion of brilliance {unknown}
Books
 c - a book of Minor Magic

   Spells                             Type                      Level
   a - Magic Dart                     Conjuration                  1
   b - Blink                          Translocation                2
   c - Call Imp                       Summoning                    2
   d - Repel Missiles                 Charms/Air                   2
   e - Slow                           Hexes                        2
   f - Conjure Flame                  Conjuration/Fire             3
   g - Mephitic Cloud                 Conjuration/Poison/Air       3
Comestibles
 d - a bread ration
 g - a meat ration


   Skills:
 - Level 1.5 Dodging
 - Level 2.4 Stealth
 * Level 2.6 Unarmed Combat
 - Level 3.2 Spellcasting
 - Level 1.0 Conjurations
   Level 1.0 Summonings
   Level 1.0 Translocations


You had 7 spell levels left.
You knew the following spells:

 Your Spells              Type           Power        Failure   Level  Hunger
a - Magic Dart            Conj           #...         12%         1    None


Dungeon Overview and Level Annotations

Branches:
Dungeon (4/15)
 Temple: D:4-7

Altars:
Cheibriados
Elyvilon
Kikubaaqudgha
Qazlal


Innate Abilities, Weirdness & Mutations

You have extremely sharp teeth.
Your natural rate of healing is unusually fast.
When hurt, damage is shared between your health and your magic reserves.
Your bite disrupts and absorbs the magic of your enemies.
Potions and wands cannot restore your health.
You are immune to rotting.


Message History

The adder bites you.
* * * LOW HITPOINT WARNING * * *
You are lethally poisoned!
The adder poisons you!
Unknown command.
You miss the adder.
The adder is severely wounded.
* * * LOW HITPOINT WARNING * * *
You feel sick. The adder bites you.
You closely miss the adder. Your bite misses the adder.
The adder is severely wounded.
The adder bites you.
Unknown command.
Unknown command.
Unknown command.
You hit the adder but do no damage.
The adder is severely wounded.
* * * LOW HITPOINT WARNING * * *
You feel sick. The adder bites you.
You die...

#....P.##
###.P.).P# .
#.#.†...P## ..
#.#####†..# ...
#......†..# #..
#......†..# #...
#......####
#....#######.....#
#....'.....S@>...#
##...#############
###


You could see an adder.

Vanquished Creatures
  An adder (D:2)
  2 giant geckos
  A goblin (D:2)
  A hobgoblin (D:3)
  A giant gecko skeleton (D:4)
  11 giant newts
17 creatures vanquished.

Notes
Turn   | Place    | Note
--------------------------------------------------------------
     0 | D:1      | 4thArraOfDagon the Vine Stalker Wizard began the quest for the Orb.
     0 | D:1      | Reached XP level 1. HP: 9/9 MP: 5/5
   178 | D:2      | Reached XP level 2. HP: 5/13 MP: 4/7
   310 | D:4      | Found a white marble altar of Elyvilon.
   313 | D:4      | Found a snail-covered altar of Cheibriados.
   314 | D:4      | Found an ancient bone altar of Kikubaaqudgha.
   314 | D:4      | Found a stormy altar of Qazlal.
   318 | D:4      | meh
   318 | D:4      | want pakellas :(
   319 | D:4      | Became a worshipper of Cheibriados the Contemplative
   381 | D:3      | Reached XP level 3. HP: 16/16 MP: 8/8
   444 | D:3      | Slain by an adder

Vault maps used:
D:1:      elethiomel_arrival_maze, minivault_11, hangedman_decor_push
D:2:      nicolae_dithmenos_through_a_glass_darkly, first_bread,
          grunt_decor_resistance
D:3:      hangedman_decor_lopped, minmay_lizard_king, uniq_sigmund
D:4:      lemuel_round_altar, tgw_fedhas, grunt_temple_overflow_open

Action                   || total
-------------------------++-------
Melee: Unarmed           ||   107
  Use: Scroll            ||     4
       Potion            ||     1
